 Dungeon Crawl Stone Soup version 0.29-a0-857-g9b1aa3ac5b (webtiles) character file.

Game seed: 2784897183887968595

74478 HoaS the Brawler (level 15, 0/154 HPs)
             Began as a Tengu Berserker on July 16, 2022.
             Was a High Priest of Trog.
             Succumbed to a wolf spider's poison
             ... on level 6 of the Lair of Beasts.
             The game lasted 00:43:16 (15834 turns).

HoaS the Brawler (Tengu Berserker)                 Turns: 15834, Time: 00:43:17

Health: 0/154      AC: 25    Str: 30    XL:     15   Next: 46%
Magic:  16/16      EV: 20    Int:  9    God:    Trog [*****.]
Gold:   1256       SH:  0    Dex: 13    Spells: 14/14 levels left

rFire   . . .      SeeInvis +     - Unarmed
rCold   . . .      Faith    .   (no shield)
rNeg    + . .      Spirit   .   o - +3 scale mail {Will+}
rPois   .          Reflect  .   (helmet restricted)
rElec   +          Harm     .   b - +1 cloak
rCorr   +          Rampage  .   m - +2 pair of gloves
Will    ++++.                   (boots unavailable)
Stlth   ..........              g - amulet of regeneration
HPRegen 2.15/turn               e - ring "Temimes" {rElec rN+ rCorr Str+6 SInv}
MPRegen 0.15/turn               a - +6 ring of protection

@: berserking (expiring), lethally poisoned (0 -> -30), strong-willed, flying
quickly and evasively, regenerating, studying 2 skills, very quick
A: beak, talons 3, nimble flight
a: Renounce Religion, Berserk, Trog's Hand, Brothers in Arms


You were on level 6 of the Lair of Beasts.
You worshipped Trog.
Trog was extremely pleased with you.
You visited 2 branches of the dungeon, and saw 15 of its levels.
You also visited: Bailey.

You collected 3704 gold pieces.
You spent 2448 gold pieces at shops.

Inventory:

Armour
 b - a +1 cloak (worn)
 m - a +2 pair of gloves (worn)
 o - a +3 scale mail of willpower (worn)
Jewellery
 a - a +6 ring of protection (right hand)
 e - the ring "Temimes" (left hand) {rElec rN+ rCorr Str+6 SInv}
   (You acquired it on level 2 of the Dungeon)

   [ring of resist corrosion]

   Str:       It affects your strength (+6).
   rElec:     It insulates you from electricity.
   rN:        It protects you from negative energy.
   SInv:      It lets you see invisible.
   rCorr:     It protects you from acid and corrosion.
 g - an amulet of regeneration (around neck)
 r - a +6 ring of dexterity
 x - a +4 ring of evasion
Wands
 l - a wand of paralysis (17)
 n - a wand of roots (18)
 t - a wand of flame (17)
 C - a wand of digging (4)
Scrolls
 h - 10 scrolls of teleportation
 i - 4 scrolls of immolation
 u - 2 scrolls of magic mapping
 v - 2 scrolls of blinking
 w - a scroll of silence
 y - 5 scrolls of identify
 z - 3 scrolls of fear
 D - a scroll of enchant armour
Potions
 c - 11 potions of curing
 d - 5 potions of haste
 f - a potion of mutation
 j - a potion of ambrosia
 k - 4 potions of attraction
 p - 2 potions of lignification
 q - 6 potions of might
 s - 3 potions of resistance
 A - a potion of invisibility {unknown}
 B - a potion of cancellation {unknown}


   Skills:
 + Level 15.3 Fighting
 + Level 14.9 Armour
 * Level 14.8 Dodging
 * Level 17.9 Unarmed Combat


You had 14 spell levels left.
You didn't know any spells.
Your spell library was empty.

Dungeon Overview and Level Annotations

Branches:
Dungeon (9/15)             Temple (0/1) D:6            Lair (6/6) D:9
  Swamp (0/4) Lair:2       Spider (0/4) Lair:2        Slime (0/5) Lair:5
    Orc (0/2) D:9          Bailey (visited)

Altars:
Hepliaklqana
Qazlal
Trog
Uskayaw
Zin
Jiyva

Shops:
D:4 :[=((=   D:5 !


Innate Abilities, Weirdness & Mutations

You have a beak for a mouth.
You have claws for feet.
Your magical nature lets you fly swiftly and evasively.


Message History

You are more poisoned.
The cane toad poisons you! The redback closely misses you.
Okay, then.
Your deep troll goes berserk!
You feel extremely sick.
The wolf spider hits you but does no damage.
The wolf spider closely misses you. The redback misses you.
The cane toad stings you but does no damage.
The wolf spider completely misses you. The wolf spider barely misses you.
The redback bites you!
* * * LOW HITPOINT WARNING * * *
The cane toad misses you.
A red film seems to cover your vision as you go berserk!
You feel yourself moving faster!
You feel mighty!
You feel very sick.
The wolf spider hits you but does no damage.
The wolf spider completely misses you. The redback bites you!
* * * LOW HITPOINT WARNING * * *
Your deep troll bites the wolf spider!
Your deep troll claws the wolf spider!
Your deep troll claws the wolf spider.
The cane toad misses you.
You feel a strong urge to attack something.
You feel very sick. The wolf spider hits you!
* * * LOW HITPOINT WARNING * * *
The wolf spider bites you.
* * * LOW HITPOINT WARNING * * *
You are lethally poisoned!
The wolf spider poisons you!
Your deep troll bites the wolf spider.
Your deep troll claws the wolf spider! x2
You are too berserk!
You pummel the wolf spider!!
You kill the wolf spider!
Trog accepts your kill.
* * * LOW HITPOINT WARNING * * *
You feel very sick. The redback completely misses you.
You barely miss the cane toad. Your kick misses the cane toad.
You peck the cane toad!
The cane toad is severely wounded.
You die...

......##....##.$$$$.##....##P....
.....P.##....# .....#....##..P...
.#..P...##...##....##...##....P..
.........##...#....#...##........
....#.....##..##..##..##.....#...
....###....##..#..#(.##....###...
....P.###......#†.#.##...###.P...
...).P..###..###sF###..###..P....
..........#####$@.T#####....P..P.
............##..PP..##...........
............##..PP..##...........
.....P....###......#####......#.#
........###....######.?###..P.###
......###...##..##.(##[..###.P..#
..#####....##.)####..##....###..†
..# #.....##...# #...##.....#...
.## .....##...## ##...##.....#..


You could see a cane toad (ally target), a redback and a friendly deep troll
(summoned, berserk).

Vanquished Creatures
  Snorg (Lair:5)
  Josephine (Lair:5)
  10 hydras
  An ogre mage (D:9)
  A boulder beetle (D:9)
  An anaconda (Lair:6)
  3 centaur warriors (D:9)
  An orc high priest (Bailey)
  4 death yaks
  Pikel (D:8)
  2 lindwurms
  3 bog bodies (Lair:2)
  A wizard (D:9)
  2 orc knights
  A wolf spider (Lair:6)
  2 oklob plants (Lair:5)
  An ugly thing (D:9)
  A cyclops (D:9)
  16 elephants
  A black mamba (shapeshifter) (D:9)
  12 black mambas
  A guardian serpent (Lair:6)
  A torpor snail (Lair:6)
  21 cane toads
  7 komodo dragons
  2 rime drakes
  3 kobold demonologists
  A troll (D:9)
  12 polar bears
  2 hornets (Lair:6)
  12 blink frogs
  6 raiju (Lair:6)
  A jumping spider (Lair:2)
  11 dream sheep
  A culicivora (Lair:2)
  41 yaks
  13 wyverns
  4 basilisks
  7 wraiths
  Menkaure (D:6)
  A redback (Lair:2)
  3 swamp worms (Lair:2)
  4 wargs (Lair:6)
  2 acid dragons
  The ghost of gruber the Conjurer, an amateur TeCj (D:4)
  25 water moccasins
  14 orc warriors (Bailey)
  11 hell hounds (Lair:6)
  2 ice beasts
  A sky beast (D:7)
  14 black bears
  43 wolves
  3 centaurs
  An ogre (D:9)
  2 necrophages
  A kobold brigand (D:7)
  9 bullfrogs
  A gnoll sergeant (D:9)
  4 scorpions
  8 wights
  7 killer bees (D:9)
  3 howler monkeys (D:7)
  4 electric eels
  Crazy Yiuf (D:5)
  9 orc priests
  3 hounds
  A jelly (D:4)
  Ijyb (D:5)
  9 orc wizards
  2 iguanas
  14 gnolls
  3 adders
  A shadow imp (D:7)
  2 white imps
  3 worms
  3 dart slugs
  43 orcs
  8 bats
  6 endoplasms
  2 giant cockroaches
  22 goblins
  12 hobgoblins
  5 jackals
  7 kobolds
  3 quokkas
  4 ball pythons
  4 frilled lizards
  3 rats
  A plant (Lair:4)
549 creatures vanquished.

Vanquished Creatures (collateral kills)
  2 death yaks (Lair:6)
  2 black mambas
  2 yaks (Lair:5)
  An orc warrior (D:9)
  A black bear (D:9)
  5 wights (D:9)
  3 killer bees (D:9)
  An orc priest (D:9)
  6 orcs (D:9)
23 creatures vanquished.

Vanquished Creatures (others)
  26 fungi
  53 plants
  5 toadstools (D:1)
84 creatures vanquished.

Grand Total: 656 creatures vanquished

Notes
Turn   | Place    | Note
-------+----------+-------------------------------------------
     0 | D:1      | HoaS the Tengu Berserker began the quest for the Orb.
     0 | D:1      | Reached XP level 1. HP: 14/14 MP: 2/2
   180 | D:1      | Reached XP level 2. HP: 16/19 MP: 3/3
   234 | D:1      | Reached skill level 4 in Unarmed Combat
   275 | D:1      | Found a faded altar of an unknown god.
  1045 | D:1      | Reached ** piety under Trog
  1046 | D:1      | Reached XP level 3. HP: 22/23 MP: 4/4
  1342 | D:2      | Identified 2 scrolls of acquirement
  1342 | D:2      | Acquired 1159 gold pieces
  1344 | D:2      | Acquired the ring "Temimes" {rElec rN+ rCorr Str+6 SInv}
  1483 | D:2      | Reached skill level 5 in Unarmed Combat
  1752 | D:2      | Reached XP level 4. HP: 28/28 MP: 5/5
  1975 | D:3      | Noticed a bullfrog
  1983 | D:3      | Killed a bullfrog
  1984 | D:3      | Reached skill level 6 in Unarmed Combat
  1984 | D:3      | Gained mutation: Your magical nature lets you fly swiftly
                  | and evasively. [Tengu growth]
  1984 | D:3      | Reached XP level 5. HP: 23/32 MP: 6/6
  2207 | D:3      | You are sucked into a shaft and drop 3 floors!
  2237 | D:6      | Found a staircase to the Ecumenical Temple.
  2250 | D:5      | Entered Level 5 of the Dungeon
  2258 | D:5      | Noticed Ijyb
  2270 | D:5      | Killed Ijyb
  2294 | D:5      | Reached skill level 7 in Unarmed Combat
  2294 | D:5      | Reached XP level 6. HP: 31/37 MP: 7/7
  2310 | D:5      | Reached *** piety under Trog
  2352 | D:5      | Reached skill level 8 in Unarmed Combat
  2352 | D:5      | Reached XP level 7. HP: 10/41 MP: 8/8
  2742 | D:5      | Found Reyrrur's Distillery.
  2745 | D:5      | Bought a potion of curing for 36 gold pieces
  2745 | D:5      | Bought a potion of curing for 36 gold pieces
  2745 | D:5      | Bought a potion of might for 48 gold pieces
  2745 | D:5      | Bought a potion of might for 48 gold pieces
  2764 | D:4      | Noticed a +0 dagger
  2764 | D:4      | Noticed a +0 dagger
  2767 | D:4      | Found a hide-covered altar of Uskayaw.
  2947 | D:4      | Reached skill level 9 in Unarmed Combat
  2983 | D:4      | Found Dumih's Weapon Boutique.
  3104 | D:4      | Found Meter's Weapon Boutique.
  4123 | D:4      | Found Remeiwuc's Jewellery Boutique.
  4123 | D:4      | Found a runed translucent door.
  4127 | D:4      | Found Nisygro's Armour Shop.
  4131 | D:4      | Bought a +6 ring of dexterity for 360 gold pieces
  4142 | D:4      | Bought a +3 scale mail of willpower for 260 gold pieces
  4209 | D:4      | Found Morip's Book Shoppe.
  4284 | D:4      | Found Cateineq's One-of-a-Kind Rings.
  4330 | D:4      | Found a faded altar of an unknown god.
  4330 | D:4      | Found a faded altar of an unknown god.
  4330 | D:4      | Found a hazy altar of Hepliaklqana.
  4334 | D:4      | Reached **** piety under Trog
  4335 | D:4      | Reached XP level 8. HP: 48/48 MP: 9/9
  4362 | D:4      | Noticed gruber's ghost (amateur TeCj)
  4373 | D:4      | Killed gruber's ghost
  4410 | D:5      | Found a runed translucent door.
  4411 | D:5      | Noticed Crazy Yiuf
  4487 | D:5      | Found a glowing silver altar of Zin.
  4764 | D:5      | Killed Crazy Yiuf
  4769 | D:5      | Identified the +11 hammer "Uneug" {drain, rElec MP+9 Int-4}
  4944 | D:6      | Noticed Menkaure
  4950 | D:6      | Killed Menkaure
  4951 | D:6      | Reached skill level 5 in Fighting
  4951 | D:6      | Reached skill level 10 in Unarmed Combat
  5386 | D:7      | Reached XP level 9. HP: 50/54 MP: 10/10
  5529 | D:7      | Identified the +10 short sword of Tunein {freeze, rN+
                  | Dex+2}
  5774 | D:7      | Found a stormy altar of Qazlal.
  6395 | D:8      | Found a flagged portal.
  6401 | D:8      | Reached skill level 5 in Armour
  6401 | D:8      | Reached skill level 5 in Dodging
  6401 | D:8      | Reached skill level 11 in Unarmed Combat
  6419 | D:8      | Found the +8 mithril axe "Arga" {speed, Will+}
  6435 | Bailey   | Entered a bailey
  6575 | Bailey   | Reached XP level 10. HP: 33/63 MP: 11/11
  6609 | Bailey   | Noticed an orc knight
  6638 | Bailey   | Killed an orc knight
  6797 | Bailey   | Found an iron altar of Okawaru.
  6798 | Bailey   | Noticed an orc high priest
  6799 | Bailey   | Noticed a kobold demonologist
  6835 | Bailey   | Killed a kobold demonologist
  6835 | Bailey   | Noticed a rust devil
  6836 | Bailey   | Reached skill level 12 in Unarmed Combat
  6839 | Bailey   | Noticed a smoke demon
  6846 | Bailey   | Killed an orc high priest
  6868 | Bailey   | Identified the +8 great mace of Dullness {pain, *Rage Str+4
                  | Dex+4 Stlth+}
  6876 | Bailey   | Identified the +0 leather armour of Foolhardiness {Dex+4}
  6949 | Bailey   | Acquired a manual of Armour
  6951 | Bailey   | Acquired 1226 gold pieces
  7264 | D:8      | Noticed Pikel
  7274 | D:8      | Killed Pikel
  7321 | D:8      | Reached ***** piety under Trog
  7323 | D:8      | Reached XP level 11. HP: 60/69 MP: 12/12
  7768 | D:9      | Noticed an ogre mage
  7779 | D:9      | Killed an ogre mage
  7780 | D:9      | Reached skill level 13 in Unarmed Combat
  7827 | D:9      | Found a staircase to the Lair.
  7961 | D:9      | Noticed an orc knight
  7976 | D:9      | Killed an orc knight
  8006 | D:9      | Noticed a white ugly thing
  8006 | D:9      | Noticed a boulder beetle
  8007 | D:9      | Noticed a centaur warrior
  8007 | D:9      | Noticed a centaur warrior
  8008 | D:9      | Noticed a cyclops
  8012 | D:9      | Noticed a six-headed hydra
  8016 | D:9      | Killed a boulder beetle
  8021 | D:9      | Killed a white ugly thing
  8024 | D:9      | Killed a centaur warrior
  8032 | D:9      | Reached skill level 10 in Fighting
  8034 | D:9      | Killed a six-headed hydra
  8037 | D:9      | Noticed a wizard
  8041 | D:9      | Killed a cyclops
  8045 | D:9      | Killed a wizard
  8046 | D:9      | Noticed a centaur warrior
  8053 | D:9      | HP: 3/73 [centaur warrior (10)]
  8054 | D:9      | Killed a centaur warrior
  8054 | D:9      | Received a gift from Trog
  8055 | D:9      | Reached XP level 12. HP: 5/78 MP: 13/13
  8058 | D:9      | Noticed a soul eater
  8065 | D:9      | Killed a centaur warrior
  8249 | D:9      | Reached skill level 14 in Unarmed Combat
  8259 | D:9      | Found a bloodstained altar of Trog.
  8302 | D:9      | Found a staircase to the Orcish Mines.
  8602 | Lair:1   | Entered Level 1 of the Lair of Beasts
  8901 | Lair:1   | Reached skill level 10 in Armour
  9041 | Lair:1   | Noticed a five-headed hydra
  9048 | Lair:1   | Reached skill level 10 in Dodging
  9052 | Lair:1   | Killed a five-headed hydra
  9781 | Lair:2   | Noticed an eight-headed hydra
  9787 | Lair:2   | Killed an eight-headed hydra
  9893 | Lair:2   | Found a staircase to the Swamp.
  9934 | Lair:2   | Reached XP level 13. HP: 66/85 MP: 14/14
  9990 | Lair:2   | Reached skill level 15 in Unarmed Combat
 10150 | Lair:2   | Found a hole to the Spider Nest.
 11762 | Lair:4   | Found a dark tunnel.
 13101 | D:4      | Bought a manual of Fighting for 880 gold pieces
 13139 | D:4      | Bought a +6 ring of protection for 780 gold pieces
 13388 | Lair:5   | Reached skill level 16 in Unarmed Combat
 13414 | Lair:5   | Reached XP level 14. HP: 67/94 MP: 15/15
 13578 | Lair:5   | Noticed Josephine
 13587 | Lair:5   | Killed Josephine
 13599 | Lair:5   | Noticed Snorg
 13614 | Lair:5   | Killed Snorg
 13851 | Lair:5   | Reached ****** piety under Trog
 14180 | Lair:5   | Found a viscous altar of Jiyva.
 14445 | Lair:5   | Found a staircase to the Slime Pits.
 14541 | Lair:6   | Entered Level 6 of the Lair of Beasts
 14590 | Lair:5   | Received a gift from Trog
 14891 | Lair:6   | Reached skill level 17 in Unarmed Combat
 15168 | Lair:6   | Reached XP level 15. HP: 60/101 MP: 16/16
 15362 | Lair:6   | Reached skill level 15 in Fighting
 15378 | Lair:6   | Received a gift from Trog
 15832 | Lair:6   | HP: 7/154 [wolf spider (2)]
 15834 | Lair:6   | Succumbed to a wolf spider's poison

Illustrated notes

Levels and vault maps discovered:
D:1:      ldierk_walled_garden, layout_basic, hellmonk_ecumenical_altar_run_dry,
          minivault_27, minmay_misc_feat_enclosed,
          chequers_serial_rivers_micro_e
D:2:      layout_basic, minmay_tromino_mix6
D:3:      layout_loops_corners
D:4:      layout_basic, dancing_weapons_uskayaw,
          nicolae_hepliaklqana_ecumenical_no_more, serial_shops,
          nicolae_shop_waterfront, shop, nicolae_shop_stone,
          nicolae_lakefront_shop, nicolae_shop_window_shopping,
          ebering_ghost_reflecting_pool, corexii_checkpoint_a,
          nicolae_shop_unique_rings, serial_park_tiny_1,
          hangedman_abyss_or_decor_jellyfish_corner
D:5:      layout_gridville, lemuel_round_altar, serial_shops,
          kennysheep_mini_moat, minmay_misc_feat_doors, uniq_crazy_yiuf_cottage,
          uniq_ijyb
D:6:      layout_gridville, minmay_temple_entry_arrows, uniq_menkaure
D:7:      corexii_shack_village, layout_loops_ring, lemuel_doored_altar,
          serial_aquarium, aquarium_bridge_long_joined
          [aquarium_subvault_bridge, aquarium_subvault_window,
          aquarium_subvault_window, aquarium_subvault_window,
          aquarium_subvault_wall, aquarium_subvault_window],
          aquarium_bridge_square [aquarium_subvault_bridge,
          aquarium_subvault_bridge, aquarium_subvault_wall,
          aquarium_subvault_bridge], aquarium_window_2, aquarium_window_1,
          aquarium_view_2c, aquarium_view_2a, aquarium_balcony_3a,
          aquarium_pool_five, dreamdust_gnoll_farm
D:8:      layout_rooms, enter_bailey_2, uniq_pikel
D:9:      layout_cave_pools, trog_ov_bears_minmay, lair_entry_dummy,
          david_orc_3, minmay_the_grid_2x2 [minmay_the_grid_eight,
          minmay_the_grid_zigzag_pyramid, minmay_the_grid_armoury,
          minmay_the_grid_prize_four_corners]
Lair:1:   layout_cave_pods, grunt_megastairs_2, serial_bayou_shore_b
Lair:2:   layout_regular_city, nicolae_swamp_entry_splash_gauntlet,
          spider_nest_entry_funnel_web, cheibrodos_lair_reptile_den
Lair:3:   layout_regular_city, minivault_26
Lair:4:   layout_layer_cave, lightli_volcano_entry_magma_tube,
          grunt_megastairs_5
Lair:5:   layout_cave_pods, minmay_slime_entry_oklob_enclosed,
          serial_bayou_shore_b, infiniplex_staircase_pool, uniq_josephine,
          uniq_snorg
Lair:6:   hangedman_lair_tendril_chambers, layout_misc_corridors,
          hangedman_lair_caniforms_friends

Skill      XL: |  1  2  3  4  5  6  7  8  9 10 11 12 13 14 15 |
---------------+----------------------------------------------+-----
Unarmed Combat | 4 5 6 7 8 9 10 11 12 13 14 16 17 | 17.9
Armour         | 3 4 5 7 9 11 12 14 | 14.9
Fighting       | 5 7 8 10 11 13 14 15 | 15.3
Dodging        | 4 5 7 9 10 12 14 | 14.8

Action                   |  1- 3 |  4- 6 |  7- 9 | 10-12 | 13-15 || total
-------------------------+-------+-------+-------+-------+-------++-------
Melee: Unarmed           |    77 |    57 |   252 |   439 |   826 ||  1651
       Kick              |    18 |    19 |    96 |   140 |   314 ||   587
       Peck              |     7 |     8 |    46 |    94 |   196 ||   351
       Punch             |       |     1 |     9 |    39 |    81 ||   130
Invok: Trog's Hand       |       |       |     3 |     5 |     5 ||    13
       Berserk           |       |       |       |     2 |     4 ||     6
       Brothers in Arms  |       |       |       |     2 |     3 ||     5
Evoke: Wand              |       |       |       |     4 |       ||     4
  Use: Scroll            |     6 |     1 |    11 |     8 |     6 ||    32
       Potion            |       |       |       |     3 |     2 ||     5
Armor: Animal skin       |     1 |       |       |       |       ||     1
       Ring mail         |    11 |     1 |       |       |       ||    12
       Scale mail        |       |    19 |    55 |    84 |   394 ||   552
Dodge: Dodged            |    44 |    32 |   135 |   303 |  1068 ||  1582

Table legend: (Time is in decaauts)
 A = Elapsed time spent in this place.
 B = Non-inter-level travel time spent in this place.
 C = Inter-level travel time spent in this place.
 D = Time resting spent in this place.
 E = Time spent auto-exploring this place.
 F = Levels seen in this place.
 G = Mean time per level.
                   A        B        C        D        E       F      G
               +--------+--------+--------+--------+--------+-----+--------+
         Total |  14502 |  13449 |   1053 |   2144 |   8457 |  16 |  906.4 |
       Dungeon |   7578 |   7026 |    552 |   1333 |   4401 |   9 |  842.0 |
          Lair |   6201 |   5701 |    500 |    671 |   3803 |   6 | 1033.5 |
        Bailey |    723 |    723 |      0 |    139 |    252 |   1 |  723.0 |
               +--------+--------+--------+--------+--------+-----+--------+

Top non-repeatable levels by time:
  Lair:5: 1295 daAuts
  Lair:4: 1107 daAuts
     D:1: 1105 daAuts
     D:3: 1077 daAuts
  Lair:2: 1051 daAuts
  Lair:3: 1016 daAuts
     D:7: 962 daAuts
  Lair:6: 912 daAuts
     D:9: 851 daAuts
  Lair:1: 816 daAuts
     D:2: 796 daAuts
     D:4: 795 daAuts
     D:6: 756 daAuts
     D:5: 745 daAuts
  Bailey: 723 daAuts
